Map: Inferno Pools (Void)

Players

IlIIlIlIlIIl

  • Race: Terran Terran
  • League: Grandmaster

A.I. 2 (Easy) - Winner!

  • Race: Zerg Zerg

A.I. 3 (Easy) - Winner!

  • Race: Zerg Zerg

VOD

Have the link to the VOD?

Description

Time

  • Played on: June 11, 2015, 9:34 p.m.
  • Length: 6:04
Show
View Real Time Build Order
Export as new Build Order

IlIIlIlIlIIl Terran 

Build Orders: Reaper Expand 

Get SALT Encoding   

  12  0:01  SCV  
  13  0:14  SCV  
  14  0:26  SCV  
  15  0:29  Supply Depot  
  15  0:51  SCV, Refinery  
  15  0:52  Barracks  
  16  1:03  SCV  
  17  1:15  SCV  
  18  1:32  Command Center  
  18  1:40  Orbital Command  
  18  1:54  Reaper  
  18  1:58  Refinery  
  19  2:05  SCV  
  20  2:22  Supply Depot  
  20  2:29  SCV  
  21  2:35  Reaper  
  22  2:44  Orbital Command  
  22  2:55  SCV  
  23  3:11  SCV x2  
  25  3:24  SCV  
  25  3:25  SCV  
  27  3:37  Barracks  
  27  3:38  Barracks  
  27  3:42  SCV x2, Barracks  
  29  3:54  SCV x2  
  30  4:06  SCV x2, Marine  
  33  4:13  Refinery  
  33  4:14  Refinery  
  33  4:18  SCV x2  
  35  4:40  SCV  
  35  4:41  SCV  
  37  4:54  Barracks Reactor, Barracks Tech Lab x2  
  37  5:00  SCV x2  
  37  5:03  Barracks Reactor  
  39  5:13  Marauder x2  
  43  5:15  SCV x2  
  43  5:21  Supply Depot x2  
  45  5:27  SCV  
  46  5:42  SCV, Marine x2  
  53  5:43  Supply Depot, Marauder x2  
  53  5:44  Supply Depot x3  
  53  5:45  Supply Depot  
  53  5:46  Supply Depot  
  53  5:47  Supply Depot  
  53  5:48  Supply Depot  
  53  5:51  SCV  
  54  6:02  Factory  
Show
View Real Time Build Order
Export as new Build Order

A.I. 2 (Easy) Zerg - Winner!

Build Orders:  

Get SALT Encoding   

Show
View Real Time Build Order
Export as new Build Order

A.I. 3 (Easy) Zerg - Winner!

Build Orders: Pool First 

Get SALT Encoding   

  12  0:07  Overlord  
  12  0:12  Drone  
  13  0:32  Spawning Pool  
  13  0:33  Drone  
  13  0:39  Drone  
  14  0:43  Drone  
  14  0:45  Extractor  
  15  0:50  Drone  
  15  0:55  Drone  
  16  1:20  Zergling x2, Queen  
  19  1:26  Zergling x2  
  19  1:29  Roach Warren  
  19  1:31  Drone  
  20  1:40  Overlord  
  20  1:43  Extractor  
  19  1:49  Drone  
  20  1:59  Zergling x2  
  21  2:10  Zergling x2  
  22  2:21  Zergling x2  
  23  2:26  Overlord  
  23  2:27  Zergling x2  
  24  2:34  Drone, Zergling x2  
  26  2:40  Zergling x2  
  27  2:45  Drone  
  28  2:55  Drone  
  29  3:00  Drone  
  29  3:04  Drone, Overlord  
  31  3:08  Drone  
  32  5:36  Drone, Roach, Overlord  
  32  5:40  Drone  
  36  5:45  Hatchery, Drone  
Tags
 
Add a new tag
Caveats
  • Supply blocks, unpowered buildings, or Contaminate may cause inaccurate times.
  • Supply counts are checked every 10 seconds.